 Dungeon Crawl Stone Soup version 0.27-a0-1287-gca74d27db6 (webtiles) character file.

Game seed: 16190861387400538877

560082 Strat the Slayer (level 26, -5/293 (306) HPs)
             Began as an Ogre Hunter on June 14, 2021.
             Was a High Priest of Okawaru.
             Slain by a death cob (8 damage)
             ... on level 2 of the Realm of Zot.
             The game lasted 03:08:12 (92080 turns).

Strat the Slayer (Ogre Hunter)                     Turns: 92080, Time: 03:08:12

HP:   -5/293 (306)  AC: 31    Str: 31    XL:     26   Next: 61%
MP:   0/37          EV: 14    Int: 21    God:    Okawaru [*****.]
Gold: 5606          SH: 23    Dex:  9    Spells: 29/45 levels left

rFire    + + .     SeeInvis .   a - +9 broad axe (elec)
rCold    + . .     Faith    .   W - +2 tower shield {AC+3}
rNeg     . . .     Spirit   +   O - +5 gold dragon scales
rPois    +         Reflect  .   j - +2 hat {Int+3}
rElec    .         Harm     .   s - +0 cloak of the Blacksmith {Will+ Str+2 Slay+2}
rCorr    .         Rampage  .   (gloves unavailable)
Will     ++++.                  (boots unavailable)
Stlth    ..........             I - amulet of guardian spirit
HPRegen  0.58/turn              S - ring "Zeekaol" {rF+ Will+ EV+4 Str+4}
MPRegen  0.25/turn              p - +4 ring of evasion

@: about to teleport, slowed, studying Air Magic, lightly drained, very slow
A: large, unfitting armour, tough skin 1
}: 3/15 runes: barnacled, silver, gossamer
a: Renounce Religion, Heroism, Finesse


You were on level 2 of the Realm of Zot.
You worshipped Okawaru.
Okawaru was extremely pleased with you.
You visited 9 branches of the dungeon, and saw 45 of its levels.
You visited 1 bazaar.
You also visited: Ossuary.

You collected 6316 gold pieces.
You spent 710 gold pieces at shops.

Inventory:

Hand Weapons
 a - a +9 broad axe of electrocution (weapon)
 b - a +3 antimagic broad axe
Missiles
 c - 113 large rocks (quivered)
 d - 9 throwing nets
 o - 11 atropa-tipped darts
 w - 18 datura-tipped darts
 F - 12 curare-tipped darts
 L - 42 boomerangs of dispersal
 N - 41 silver javelins
Armour
 j - a +2 hat of intelligence (worn)
 s - the +0 cloak of the Blacksmith (worn) {Will+ Str+2 Slay+2}
   (You found it on level 2 of the Depths)

   It affects your strength (+2).
   It affects your accuracy and damage with ranged weapons and melee attacks
   (+2).
   It increases your willpower.
 O - +5 gold dragon scales (worn)
 W - a +2 tower shield of protection (worn)
Jewellery
 n - an amulet of reflection
 p - a +4 ring of evasion (right hand)
 E - a ring of ice
 I - an amulet of guardian spirit (around neck)
 M - a ring of see invisible
 P - a ring of flight
 S - the ring "Zeekaol" (left hand) {rF+ Will+ EV+4 Str+4}
   (You took it off a wizard on level 2 of the Depths)

   [ring of evasion]

   It affects your evasion (+4).
   It affects your strength (+4).
   It protects you from fire.
   It increases your willpower.
Wands
 g - a wand of charming (7)
 A - a wand of iceblast (37)
 B - a wand of polymorph (19)
 C - a wand of acid (14)
 G - a wand of mindburst (16)
 H - a wand of paralysis (60)
 J - a wand of digging (22)
Scrolls
 h - a scroll of summoning
 k - 6 scrolls of teleportation
 l - a scroll of fear
 t - 2 scrolls of fog
 Q - 29 scrolls of identify
 Z - 9 scrolls of magic mapping
Potions
 e - 3 potions of invisibility
 f - 5 potions of lignification
 i - a potion of resistance
 m - 2 potions of magic
 q - 4 potions of cancellation
 r - 3 potions of mutation
 u - 2 potions of haste
 v - 12 potions of curing
 x - a potion of berserk rage
 z - 4 potions of might
 K - a potion of flight
 V - 12 potions of brilliance
Miscellaneous
 y - a condenser vane
 Y - a phantom mirror


   Skills:
 - Level 25.6 Fighting
 - Level 20.9 Axes
 + Level 20.9 Throwing
 + Level 11.9 Armour
 + Level 7.5 Dodging
 - Level 0.6 Stealth
 - Level 15.0 Shields
 - Level 10.0 Spellcasting
 - Level 3.0 Summonings
 - Level 7.3 Translocations
 - Level 12.0 Air Magic
 - Level 8.0 Invocations


You had 29 spell levels left.
You knew the following spells:

 Your Spells              Type           Power      Damage    Failure   Level
a - Apportation           Tloc           82%        N/A       6%          1
b - Animate Skeleton      Necr           20%        N/A       77%         1
c - Confusing Touch       Hex            10%        N/A       98%         3
d - Call Imp              Summ           23%        N/A       47%         2
e - Blink                 Tloc           N/A        N/A       10%         2
f - Swiftness             Air            57%        N/A       2%          3
g - Summon Lightning Spi  Summ/Air       42%        N/A       50%         4

Your spell library contained the following spells:

 Spells                   Type           Power      Damage    Failure   Level
 Airstrike                Air            28%        N/A       9%          4
 Shock                    Conj/Air       100%       1d9       11%         1
 Poisonous Vapours        Pois/Air       70%        N/A       16%         2
 Static Discharge         Conj/Air       35%        N/A       16%         2
 Gell's Gravitas          Tloc           20%        N/A       19%         3
 Lesser Beckoning         Tloc           20%        N/A       19%         3
 Summon Small Mammal      Summ           92%        N/A       34%         1
 Mephitic Cloud           Conj/Pois/Air  27%        N/A       56%         3
 Portal Projectile        Hex/Tloc       50%        N/A       63%         3
 Call Canine Familiar     Summ           23%        N/A       71%         3
 Corona                   Hex            11%        N/A       77%         1
 Freeze                   Ice            40%        1d6       77%         1
 Magic Dart               Conj           40%        1d5       77%         1
 Sandblast                Erth           20%        2d7       77%         1
 Sting                    Tmut/Pois      40%        1d5       77%         1
 Ensorcelled Hibernation  Hex/Ice        20%        N/A       88%         2
 Passwall                 Tmut/Erth      8%         N/A       88%         2
 Searing Ray              Conj           20%        3d3       88%         2
 Slow                     Hex            10%        N/A       88%         2
 Summon Guardian Golem    Hex/Summ       16%        N/A       89%         3
 Iskenderun's Mystic Bla  Conj/Tloc      25%        2d7       95%         4
 Lightning Bolt           Conj/Air       17%        1d32      96%         5
 Silence                  Hex/Air        17%        N/A       96%         5
 Conjure Flame            Conj/Fire      10%        6-21      98%         3
 Dazzling Flash           Conj/Hex       20%        N/A       98%         3
 Frozen Ramparts          Ice            20%        1d4       98%         3
 Ignite Poison            Fire/Tmut/Pois 10%        N/A       98%         3
 Inner Flame              Hex/Fire       10%        N/A       98%         3
 Ozocubu's Armour         Ice            10%        N/A       98%         3
 Stone Arrow              Conj/Erth      20%        3d8       98%         3
 Tukima's Dance           Hex            10%        N/A       98%         3
 Animate Dead             Necr           5%         N/A       100%        4
 Cause Fear               Hex            5%         N/A       100%        4
 Fulminant Prism          Conj/Hex       5%         3d7       100%        4
 Hailstorm                Conj/Ice       10%        3d5       100%        4
 Leda's Liquefaction      Hex/Erth       5%         N/A       100%        4
 Petrify                  Tmut/Erth      10%        N/A       100%        4
 Sticky Flame             Conj/Fire      10%        2d3       100%        4
 Summon Ice Beast         Ice/Summ       16%        N/A       100%        4
 Alistair's Intoxication  Tmut/Pois      6%         N/A       100%        5
 Blade Hands              Tmut           5%         N/A       100%        5
 Borgnjor's Vile Clutch   Necr/Erth      5%         N/A       100%        5
 Fireball                 Conj/Fire      5%         3d5       100%        5
 Freezing Cloud           Conj/Ice/Air   13%        6-21      100%        5
 Irradiate                Conj/Tmut      5%         3d15      100%        5
 Lee's Rapid Deconstruct  Erth           5%         3d7*      100%        5
 Metabolic Englaciation   Hex/Ice        5%         N/A       100%        5
 Yara's Violent Unravell  Hex/Tmut       5%         3d4       100%        5
 Conjure Ball Lightning   Conj/Air       17%        3x3d6     100%        6
 Death Channel            Necr           5%         N/A       100%        6
 Invisibility             Hex            5%         N/A       100%        6
 Simulacrum               Ice/Necr       5%         N/A       100%        6
 Starburst                Conj/Fire      5%         8x6d4     100%        6
 Statue Form              Tmut/Erth      6%         N/A       100%        6
 Dragon Form              Tmut           5%         N/A       100%        7
 Haunt                    Necr/Summ      8%         N/A       100%        7
 Malign Gateway           Summ/Tloc      16%        N/A       100%        7
 Monstrous Menagerie      Summ           11%        N/A       100%        7
 Spellforged Servitor     Conj/Summ      8%         N/A       100%        7
 Storm Form               Tmut/Air       17%        N/A       100%        7
 Discord                  Hex            5%         N/A       100%        8
 Ignition                 Fire           5%         3d4       100%        8
 Lehudib's Crystal Spear  Conj/Erth      5%         10d3      100%        8
 Summon Horrible Things   Summ           11%        N/A       100%        8
 Chain Lightning          Conj/Air       17%        3d23      100%        9
 Fire Storm               Conj/Fire      5%         8d1       100%        9
 Polar Vortex             Ice            5%         N/A       100%        9


Dungeon Overview and Level Annotations

Branches:
Dungeon (15/15)            Temple (1/1) D:7            Lair (6/6) D:8
 Shoals (4/4) Lair:3       Spider (4/4) Lair:4        Slime (0/5) Lair:5
    Orc (2/2) D:11            Elf (0/3) Orc:2        Vaults (5/5) D:14
  Crypt (0/3) Vaults:3     Depths (5/5) D:15            Zot (3/5) Depths:5
Ossuary (visited)

Altars:
Ashenzari
Cheibriados
Dithmenos
Elyvilon
Fedhas
Gozag
Hepliaklqana
Kikubaaqudgha
Makhleb
Nemelex Xobeh
Okawaru
Qazlal
Ru
Sif Muna
Trog
Uskayaw
Vehumet
Wu Jian
Xom
Yredelemnul
Zin
The Shining One
Beogh
Jiyva

Shops:
D:4 [?   D:11 *[(!   D:12 (:   D:14 !   Orc:2 *((=   Vaults:1 [   Vaults:3 *
Vaults:4 :   Depths:5 *=

Portals:
Hell: Depths:1 Depths:2 Depths:3 Depths:4 Depths:5
Abyss: Orc:1 Depths:1 Depths:4
Pandemonium: Depths:3
Ziggurat: Depths:1
Trove: Depths:4 (lose all piety)

Annotations:
D:6 3 runed translucent doors, mordus's ghost, novice DrFE
Shoals:1 2 transporters, krigyl's ghost, adept HuNe
Shoals:2 exclusion: 2 ice statues
Vaults:2 3 runed translucent doors, Moagi's ghost, adept GnSk
Depths:1 3 runed translucent doors, Cadeguk's ghost, adept TeAK
Depths:2 1 runed translucent door


Innate Abilities, Weirdness & Mutations

You are too large for most types of armour.
You have tough skin. (AC +1)


Message History

Your magical effects are unravelling.
* * * LOW HITPOINT WARNING * * *
You feel yourself speed up. You block the death cob's attack.
The electric golem blinks!
You block the death cob's attack.
The quicksilver dragon completely misses you.
The quicksilver dragon claws you but does no damage.
The death cob hits you but does no damage.
There is an open door here.
You block the death cob's attack.
You feel better. The death cob hits you!
* * * LOW MAGIC WARNING * * *;
* * * LOW HITPOINT WARNING * * *
You block the death cob's attack. x2
As you read the scroll of teleportation, it crumbles to dust.
You feel strangely unstable.
You feel the Orb delaying your translocation!
You block the death cob's attack. The death cob barely misses you.
The electric golem blinks!
You block the death cob's attack. The death cob hits you!!
* * * LOW MAGIC WARNING * * *;
* * * LOW HITPOINT WARNING * * *
The death cob hits you!
* * * LOW MAGIC WARNING * * *;
* * * LOW HITPOINT WARNING * * *
You block the death cob's attack. The death cob hits you!
* * * LOW MAGIC WARNING * * *;
* * * LOW HITPOINT WARNING * * *
The death cob drains your vigour!
You feel yourself slow down. You block the death cob's attack.
The death cob hits you but does no damage.
You block the death cob's attack. You block the death cob's attack. x2
You feel better. You block the death cob's attack.
The death cob closely misses you.
The electric golem blinks!
You block the death cob's attack. The death cob hits you!
* * * LOW MAGIC WARNING * * *;
* * * LOW HITPOINT WARNING * * *
The death cob drains your vigour!
You feel as though you will be slow longer.
The electric golem blinks!
The death cob hits you but does no damage.
The death cob hits you!
* * * LOW MAGIC WARNING * * *
You die...

#.##......#
#.##......#
###.#########
#...# ##.##
####### #.#
#..<..# #.#
#######.)...# #.#
#...........# #@#
#...........# #z#
#...........# #D#
#...........# #.#
#...........#
##§###§..........#
#....'...........#
######[>.........#
#############


You could see a death cob and a quicksilver dragon.

Vanquished Creatures
  A dread lich (Vaults:5)
  An ancient lich (Vaults:4)
  2 Killer Klowns
  14 golden dragons
  3 bone dragons
  the Enchantress (Depths:4)
  Arachne (Spider:3)
  3 electric golems
  11 tentacled monstrosities
  2 hellephants (Vaults:3)
  3 liches
  5 titans
  2 quicksilver dragons (Depths:3)
  2 krakens
  Polyphemus (Shoals:2)
  3 draconian monks
  3 death cobs
  Kirke (Lair:5)
  6 tengu reavers
  Donald (Vaults:2)
  5 sphinxes
  7 storm dragons
  10 fire giants
  10 shadow dragons
  A deep elf sorcerer (Vaults:5)
  4 frost giants
  4 iron dragons
  5 draconian knights
  An orc warlord (Vaults:3)
  12 vault wardens
  Louise (Depths:1)
  A balrug (Depths:1)
  4 ghost moths
  A draconian scorcher (Zot:3)
  A draconian shifter (Depths:5)
  4 emperor scorpions (Spider:4)
  3 spriggan defenders (Depths:4)
  A caustic shrike skeleton (Depths:2)
  3 war gargoyles
  25 very ugly things
  16 stone giants
  17 ironbound preservers
  2 draconian annihilators
  2 deep elf demonologists
  A juggernaut skeleton (Depths:4)
  Nessos (D:13)
  A vampire knight (Depths:1)
  8 entropy weavers
  3 green draconians (Zot:1)
  3 red draconians
  A minotaur (Vaults:2)
  14 yellow draconians
  9 black draconians
  5 white draconians
  6 purple draconians
  A deep elf annihilator (Vaults:5)
  10 spark wasps
  10 dire elephants
  2 merfolk javelineers (Shoals:4)
  A deep elf death mage (Vaults:5)
  17 ettins
  12 merfolk impalers
  3 jiangshi
  Josephine (D:10)
  9 great orbs of eyes
  13 yaktaur captains
  10 fire dragons
  A crystal guardian (Vaults:4)
  A hydra (shapeshifter) (Depths:3)
  28 vault guards
  A quicksilver dragon skeleton (Depths:4)
  5 deep elf high priests
  8 boulder beetles
  9 ice dragons
  10 hydras
  10 ironbound frosthearts
  10 ironbound thunderhulks
  6 rakshasas
  2 hell beasts
  5 ogre magi
  4 catoblepae
  3 peacekeepers (Vaults:4)
  4 spriggan air magi
  A merfolk avatar (Lair:6)
  2 satyrs
  18 centaur warriors
  A death knight (D:14)
  20 two-headed ogres
  6 death yaks
  10 deep troll earth magi
  7 deep troll shamans
  7 tengu warriors
  3 merfolk aquamancers
  6 ironbound beastmasters
  2 alligator snapping turtles (Shoals:4)
  4 hell hogs
  3 vampire magi
  A titan zombie (Depths:2)
  8 spriggan berserkers
  20 hell knights
  Urug (Lair:6)
  A storm dragon zombie (Vaults:5)
  11 spriggans
  A shadow wraith (Vaults:5)
  12 iron trolls
  A quicksilver dragon simulacrum (Depths:1)
  A storm dragon skeleton (Depths:4)
  The ghost of Mythocy the Thaumaturge, a novice DEWz of Sif Muna (Orc:1)
  A flayed ghost (Depths:3)
  2 skeletal warriors (D:14)
  19 sea snakes
  15 ironbound convokers
  A spark wasp zombie (Depths:2)
  4 glowing orange brains
  5 deep elf pyromancers
  57 deep trolls
  A deep troll (shapeshifter) (Depths:3)
  2 tengu zombies
  4 lindwurms
  13 wizards
  6 orc knights
  6 phantasmal warriors
  27 harpies
  11 necromancers
  40 ugly things
  2 fire giant zombies
  18 orb spiders
  A shadow dragon skeleton (Vaults:5)
  An oklob plant (Lair:2)
  A wolf spider (shapeshifter) (Vaults:5)
  5 cyclopes
  19 fauns
  23 wolf spiders
  A sphinx skeleton (Depths:2)
  21 manticores
  15 elephants
  13 moths of wrath
  A fire giant skeleton (Vaults:4)
  7 merfolk sirens
  A spriggan zombie (Depths:2)
  2 frost giant skeletons (Depths:3)
  Maurice (Orc:2)
  5 black mambas
  A gargoyle (D:13)
  6 torpor snails
  2 eyes of devastation (shapeshifter)
  16 cane toads
  An apocalypse crab (Orc:1)
  14 vault sentinels
  Maggie (D:9)
  8 water nymphs
  An elf zombie (Depths:3)
  Psyche (D:9)
  An elf skeleton (Vaults:4)
  16 komodo dragons
  20 demonic crawlers
  4 freezing wraiths
  23 yaktaurs
  2 tengu conjurers (Depths:3)
  7 rime drakes
  An efreet (D:14)
  An ancient zyme (Orc:1)
  6 polar bears
  A queen bee (shapeshifter) (Depths:3)
  5 trolls
  A jumping spider (shapeshifter) (Vaults:5)
  21 merfolk
  2 tengu simulacra
  17 hornets
  51 jumping spiders
  6 wind drakes
  A blink frog (shapeshifter) (Vaults:5)
  A tyrant leech (shapeshifter) (Depths:1)
  A raiju (Orc:1)
  22 blink frogs
  12 snapping turtles
  36 slime creatures
  Prince Ribbit (D:7)
  A spriggan skeleton (Depths:3)
  2 ettin skeletons (Vaults:4)
  20 tarantellas
  5 wyverns
  75 redbacks
  A redback (shapeshifter) (Vaults:5)
  12 water elementals
  A vampire (D:12)
  2 shadows
  39 yaks
  7 wraiths
  A fire elemental (Lair:5)
  2 hogs (Lair:5)
  6 vampire mosquitoes
  3 basilisks
  A human simulacrum (Vaults:5)
  A human (shapeshifter) (Vaults:5)
  4 steam dragons
  2 large abominations (Orc:1)
  A swamp worm (shapeshifter) (Vaults:5)
  An acid dragon (D:13)
  A water moccasin (shapeshifter) (Vaults:4)
  19 water moccasins
  8 orc warriors
  3 black bears
  2 floating eyes
  A floating eye (shapeshifter) (Vaults:4)
  4 sky beasts (D:7)
  An ettin simulacrum (Vaults:4)
  A meliai simulacrum (D:14)
  3 ice beasts
  A necrophage (D:4)
  A boggart (shapeshifter) (Depths:3)
  2 human skeletons (Vaults:2)
  25 ogres
  3 boggarts (Vaults:1)
  A centaur (shapeshifter) (D:14)
  17 wolves
  11 centaurs
  3 kobold brigands
  A phantom (D:6)
  14 bullfrogs
  A glowing shapeshifter simulacrum (Depths:4)
  3 scorpions
  A water moccasin zombie (D:5)
  A wyvern skeleton (D:7)
  A water moccasin skeleton (D:3)
  5 howler monkeys
  5 electric eels
  2 bullfrog zombies
  3 hounds
  5 centaur zombies
  2 centaur skeletons
  A gnoll shaman (D:6)
  14 orc priests
  A bullfrog skeleton (D:3)
  3 scorpion zombies (D:4)
  2 iguanas (D:5)
  10 orc wizards
  2 hell rats (Lair:3)
  3 hound skeletons (D:4)
  3 howler monkey zombies
  6 mummies (Ossuary)
  A gnoll (D:6)
  A howler monkey skeleton (D:4)
  9 river rats
  11 adders
  A white imp (D:7)
  2 ufetubi
  2 adder zombies (D:4)
  A worm (D:5)
  2 dart slugs
  40 orcs
  8 endoplasms
  5 giant cockroaches
  11 goblins
  3 hobgoblins
  12 jackals
  4 quokkas
  4 ball pythons
  8 bats
  4 frilled lizards
  4 hobgoblin zombies (Ossuary)
  24 kobolds
  6 rats
  A bush (Lair:2)
  6 tentacles
1816 creatures vanquished.

Vanquished Creatures (others)
  A vampire knight (Depths:1)
  A hydra (D:15)
  A jumping spider (Spider:3)
  A redback (Spider:4)
  A human (Lair:5)
  35 fungi
  235 plants
  30 tentacles
  4 toadstools (D:12)
  2 withered plants (D:4)
311 creatures vanquished.

Grand Total: 2127 creatures vanquished

Notes
Turn   | Place    | Note
-------+----------+-------------------------------------------
     0 | D:1      | Strat the Ogre Hunter began the quest for the Orb.
     0 | D:1      | Reached XP level 1. HP: 22/22 MP: 1/1
   252 | D:1      | Reached skill level 3 in Fighting
   645 | D:1      | Reached XP level 2. HP: 25/32 MP: 2/2
  1095 | D:1      | Reached skill level 4 in Fighting
  1436 | D:2      | Reached XP level 3. HP: 40/40 MP: 3/3
  1565 | D:2      | Reached skill level 5 in Fighting
  1902 | D:2      | Reached XP level 4. HP: 24/50 MP: 4/4
  2169 | D:2      | Reached skill level 6 in Fighting
  2615 | D:3      | Reached XP level 5. HP: 22/61 MP: 5/5
  2919 | D:3      | Reached skill level 7 in Fighting
  3108 | D:3      | Found a faded altar of an unknown god.
  3683 | D:3      | Found a shadowy altar of Dithmenos.
  3795 | D:4      | Reached skill level 5 in Throwing
  3795 | D:4      | Reached XP level 6. HP: 68/71 MP: 6/6
  3809 | D:4      | Identified a scroll of acquirement
  3809 | D:4      | Acquired the +6 broad axe of Rimot {vorpal, rN+ Will+}
  3846 | D:4      | Reached skill level 1 in Axes
  4041 | D:4      | Noticed a necrophage
  4055 | D:4      | Killed a necrophage
  4079 | D:4      | Reached XP level 7. HP: 78/78 MP: 7/7
  4322 | D:4      | Found a snail-covered altar of Cheibriados.
  4364 | D:4      | Found Uruch's Armour Shop.
  4451 | D:4      | Reached skill level 5 in Axes
  4826 | D:4      | Found Tuoghy's Magic Scroll Shop.
  4839 | D:4      | Bought a +1 cloak for 115 gold pieces
  5100 | D:5      | Entered Level 5 of the Dungeon
  5219 | D:5      | Reached XP level 8. HP: 75/87 MP: 8/8
  5228 | D:5      | Found a sand-covered staircase.
  5268 | Ossuary  | Entered an ossuary
  5400 | Ossuary  | Reached skill level 8 in Fighting
  6217 | D:5      | Reached skill level 9 in Fighting
  6281 | D:5      | Identified the +3 spear "Sapad" {flame, rN+ Dex+2}
  6755 | D:6      | Reached XP level 9. HP: 84/100 MP: 9/9
  6862 | D:6      | Identified the +0 robe "Forget-Me-Not" {Drain +Inv rElec
                  | rF+}
  6933 | D:6      | Reached skill level 10 in Fighting
  7207 | D:6      | Found a runed translucent gate.
  7207 | D:6      | Found a runed translucent gate.
  7207 | D:6      | Found a runed translucent gate.
  7211 | D:6      | Noticed mordus's ghost (novice DrFE)
  7216 | D:6      | Found the +3 pair of gauntlets of War {Slay+5}
  8073 | D:4      | Bought a +2 kite shield of protection for 215 gold pieces
  8258 | D:7      | Reached skill level 1 in Shields
  8270 | D:7      | Noticed Prince Ribbit
  8444 | D:7      | Killed Prince Ribbit
  8445 | D:7      | Reached skill level 10 in Axes
  8503 | D:7      | Found a basalt altar of Yredelemnul.
  8691 | D:7      | Identified Sif Muna's Volume of Execration and Earth
  8769 | D:7      | Found a staircase to the Ecumenical Temple.
  8778 | Temple   | Entered the Ecumenical Temple
  8888 | Temple   | Became a worshipper of Warmaster Okawaru
  9019 | D:8      | Reached XP level 10. HP: 110/110 MP: 10/10
  9101 | D:8      | Found an ornate altar of the Wu Jian Council.
  9126 | D:8      | Identified the +1 robe "Peaduf" {Int+4}
  9509 | D:8      | Reached * piety under Okawaru
  9801 | D:8      | Reached skill level 5 in Shields
 10134 | D:8      | Found a staircase to the Lair.
 10437 | D:9      | Noticed Maggie
 10458 | D:9      | Killed Maggie
 10458 | D:9      | Reached ** piety under Okawaru
 10710 | D:9      | Found a radiant altar of Vehumet.
 10760 | D:9      | Reached skill level 1 in Armour
 10887 | D:9      | Noticed Psyche
 10892 | D:9      | Killed Psyche
 10970 | D:9      | Reached *** piety under Okawaru
 10971 | D:9      | Reached XP level 11. HP: 117/117 MP: 11/11
 11404 | D:10     | Entered Level 10 of the Dungeon
 11704 | D:10     | Found a flagged portal.
 11704 | D:10     | Noticed a two-headed ogre
 11756 | D:10     | Killed a two-headed ogre
 11922 | D:10     | Noticed Josephine
 11933 | D:10     | Killed Josephine
 11956 | D:10     | Reached **** piety under Okawaru
 12037 | D:10     | Identified the +7 glaive of Doom {venom, rC+++ Str-5 Int+4
                  | Stlth-}
 12086 | D:10     | Reached skill level 5 in Armour
 12399 | D:10     | Found a blossoming altar of Fedhas.
 12916 | D:11     | Found Mumejoin's Distillery.
 13233 | D:11     | Identified the Reference Book on Igneous Conjuration
 13243 | D:11     | Found a staircase to the Orcish Mines.
 13279 | D:11     | Found Suur's Assorted Antiques.
 13346 | D:11     | Noticed a cyclops
 13355 | D:11     | Killed a cyclops
 13355 | D:11     | Reached ***** piety under Okawaru
 13390 | D:11     | Noticed a manticore
 13401 | D:11     | Killed a manticore
 13512 | D:11     | Found Ecwups's Antique Weapon Boutique.
 13579 | D:11     | Found Ceadiuc's Armour Shop.
 13880 | D:12     | Reached XP level 12. HP: 99/126 MP: 10/12
 13970 | D:12     | Found Gos Pic's Book Shoppe.
 13989 | D:12     | Noticed a four-headed hydra
 13994 | D:12     | Killed a four-headed hydra
 14167 | D:12     | Noticed a boulder beetle
 14181 | D:12     | Killed a boulder beetle
 14200 | D:12     | Received a gift from Okawaru
 14201 | D:12     | Reached skill level 15 in Axes
 14368 | D:12     | Noticed a two-headed ogre
 14372 | D:12     | Killed a two-headed ogre
 14649 | D:12     | Found Urixer's Weapon Shoppe.
 14781 | D:12     | Noticed a five-headed hydra
 14851 | D:12     | Received a gift from Okawaru
 14897 | D:12     | Killed a five-headed hydra
 15330 | D:13     | Noticed Nessos
 15751 | Lair:1   | Entered Level 1 of the Lair of Beasts
 16289 | Lair:1   | Noticed a six-headed hydra
 16303 | Lair:1   | Killed a six-headed hydra
 16525 | Lair:1   | Reached XP level 13. HP: 128/133 MP: 13/13
 16533 | Lair:1   | Learned a level 1 spell: Apportation
 16535 | Lair:1   | Learned a level 1 spell: Animate Skeleton
 17302 | Lair:1   | Received a gift from Okawaru
 19258 | Lair:3   | Reached ****** piety under Okawaru
 20079 | Lair:3   | Received a gift from Okawaru
 20299 | Lair:3   | Found a staircase to the Shoals.
 20627 | Lair:3   | Received a gift from Okawaru
 21404 | Lair:4   | Found a hole to the Spider Nest.
 22070 | Lair:5   | Noticed Kirke
 22216 | Lair:5   | Reached XP level 14. HP: 117/143 MP: 10/14
 22225 | Lair:5   | Reached skill level 1 in Invocations
 22380 | Lair:5   | Learned a level 3 spell: Confusing Touch
 22480 | Lair:5   | Killed Kirke
 22537 | Lair:5   | Received a gift from Okawaru
 22558 | Lair:5   | Found a staircase to the Slime Pits.
 22559 | Lair:5   | Found a viscous altar of Jiyva.
 22682 | Lair:5   | Reached skill level 5 in Invocations
 22953 | Lair:5   | Received a gift from Okawaru
 23681 | Lair:6   | Entered Level 6 of the Lair of Beasts
 23690 | Lair:5   | Received a gift from Okawaru
 24343 | Lair:6   | Reached skill level 11 in Fighting
 24675 | Lair:6   | Learned a level 2 spell: Call Imp
 24734 | Lair:6   | Noticed Urug
 24738 | Lair:6   | Noticed a dire elephant
 24770 | Lair:6   | Killed a dire elephant
 24772 | Lair:6   | Killed Urug
 25230 | Lair:6   | Reached skill level 12 in Fighting
 25289 | Lair:6   | Received a gift from Okawaru
 25419 | Lair:6   | Reached XP level 15. HP: 87/158 MP: 12/21
 26411 | Orc:1    | Entered Level 1 of the Orcish Mines
 26585 | Orc:1    | Found a one-way gate to the infinite horrors of the Abyss.
 26585 | Orc:1    | Noticed Mythocy's ghost (novice DEWz)
 26586 | Orc:1    | Found a transporter.
 26710 | Orc:1    | Found a transporter.
 26797 | Orc:1    | Killed Mythocy's ghost
 26817 | Orc:1    | Reached skill level 13 in Fighting
 27197 | Orc:2    | Entered Level 2 of the Orcish Mines
 27197 | Orc:2    | Found Qeniditu's General Store.
 28098 | Orc:2    | Reached skill level 14 in Fighting
 28212 | Orc:2    | Noticed Maurice
 28237 | Orc:1    | Reached skill level 10 in Throwing
 28413 | Orc:1    | Received a gift from Okawaru
 28486 | Orc:2    | Killed Maurice
 28678 | Orc:2    | Found Wucviv's Jewellery Shoppe.
 28678 | Orc:2    | Found Ocaog's Weapon Shop.
 28679 | Orc:2    | Found Wulia's Weapon Shop.
 28679 | Orc:2    | Found Anue's General Store.
 28687 | Orc:2    | Received a gift from Okawaru
 28821 | Orc:2    | Found a staircase to the Elven Halls.
 29112 | D:13     | Noticed a frost giant
 29127 | D:13     | Killed a frost giant
 29164 | D:13     | Identified the Volume of Vitriolic Arcane Weapons
 29611 | D:13     | Identified the +5 ring mail of the Bard {rC+}
 29635 | D:13     | Killed Nessos
 30073 | D:14     | Found Jeedin's Distillery.
 30435 | D:14     | Reached skill level 15 in Fighting
 30505 | D:14     | Reached skill level 10 in Shields
 30577 | D:14     | Received a gift from Okawaru
 31181 | D:14     | Reached XP level 16. HP: 98/173 MP: 13/22
 31536 | D:14     | Received a gift from Okawaru
 31555 | D:14     | Found a gate to the Vaults.
 31676 | D:15     | Entered Level 15 of the Dungeon
 31911 | D:15     | Found a staircase to the Depths.
 32594 | D:15     | Found a glowing golden altar of the Shining One.
 32773 | D:15     | Learned a level 2 spell: Blink
 32865 | D:15     | Received a gift from Okawaru
 33015 | D:15     | Reached skill level 16 in Fighting
 33116 | Depths:1 | Entered Level 1 of the Depths
 33680 | Spider:1 | Entered Level 1 of the Spider Nest
 34649 | Spider:1 | Reached skill level 1 in Translocations
 35327 | Spider:1 | Learned a level 3 spell: Swiftness
 35588 | Spider:2 | Reached skill level 1 in Summonings
 35588 | Spider:2 | Reached skill level 1 in Air Magic
 36123 | Spider:2 | Received a gift from Okawaru
 36639 | Spider:2 | Reached skill level 1 in Spellcasting
 37467 | Spider:3 | Received a gift from Okawaru
 37500 | Spider:3 | Reached XP level 17. HP: 180/189 MP: 21/23
 37550 | Spider:2 | Reached skill level 17 in Fighting
 38680 | Spider:3 | Noticed Arachne
 38698 | Spider:3 | Killed Arachne
 38930 | Spider:3 | Reached skill level 18 in Fighting
 39545 | Spider:4 | Entered Level 4 of the Spider Nest
 40586 | Spider:4 | Reached skill level 19 in Fighting
 41210 | Spider:4 | Received a gift from Okawaru
 42442 | Spider:4 | Got a gossamer rune of Zot
 42824 | Shoals:1 | Entered Level 1 of the Shoals
 42966 | Shoals:1 | Received a gift from Okawaru
 42967 | Shoals:1 | Reached skill level 20 in Fighting
 42967 | Shoals:1 | Reached XP level 18. HP: 210/210 MP: 24/24
 43877 | Shoals:1 | Found a transporter.
 43883 | Shoals:1 | Found a transporter.
 43893 | Shoals:1 | Received a gift from Okawaru
 43961 | Shoals:1 | Noticed krigyl's ghost (adept HuNe)
 44139 | Shoals:1 | Found a runed translucent door.
 44163 | Shoals:1 | Reached skill level 5 in Spellcasting
 44831 | Shoals:1 | Received a gift from Okawaru
 44982 | Shoals:1 | Received a gift from Okawaru
 46063 | Shoals:2 | Noticed Polyphemus
 47235 | Shoals:2 | Killed Polyphemus
 47235 | Shoals:2 | Received a gift from Okawaru
 48465 | Shoals:4 | Entered Level 4 of the Shoals
 49023 | Shoals:4 | Identified the ring "Ezug" {rPois rC- EV+4 Str+2}
 49281 | Shoals:4 | Reached XP level 19. HP: 205/222 MP: 26/29
 49455 | Shoals:4 | Received a gift from Okawaru
 49776 | Shoals:4 | Learned a level 4 spell: Summon Lightning Spire
 49789 | Shoals:4 | Reached skill level 21 in Fighting
 50570 | Shoals:4 | Received a gift from Okawaru
 50571 | Shoals:4 | Reached skill level 5 in Air Magic
 50964 | Shoals:4 | Got a barnacled rune of Zot
 51725 | Vaults:1 | Entered Level 1 of the Vaults
 52393 | Vaults:1 | Found Vulogaf's Antique Armour Shop.
 53434 | Vaults:1 | Received a gift from Okawaru
 53693 | Vaults:1 | Reached skill level 22 in Fighting
 53696 | Vaults:1 | Received a gift from Okawaru
 55095 | Vaults:2 | Reached XP level 20. HP: 185/239 MP: 26/30
 55555 | Vaults:2 | Received a gift from Okawaru
 55923 | Vaults:2 | Acquired the +11 executioner's axe of Benevolence {speed,
                  | Will- rCorr Int+2 SInv}
 57498 | Vaults:2 | Noticed Donald
 58204 | Vaults:2 | Killed Donald
 58319 | Vaults:2 | Received a gift from Okawaru
 58450 | Vaults:2 | Found a runed translucent gate.
 58450 | Vaults:2 | Found a runed translucent gate.
 58457 | Vaults:2 | Found a runed translucent gate.
 58457 | Vaults:2 | Noticed Moagi's ghost (adept GnSk)
 58459 | Vaults:2 | Found an iron altar of Okawaru.
 58773 | Vaults:3 | Found a huge runed gate.
 58773 | Vaults:3 | Found a huge runed gate.
 58773 | Vaults:3 | Found a huge runed gate.
 58773 | Vaults:3 | Found a huge runed gate.
 58773 | Vaults:3 | Found a huge runed gate.
 58774 | Vaults:3 | Found a huge runed gate.
 58774 | Vaults:3 | Found a huge runed gate.
 58774 | Vaults:3 | Found a huge runed gate.
 58774 | Vaults:3 | Found a huge runed gate.
 58776 | Vaults:3 | Found a huge runed gate.
 58776 | Vaults:3 | Found a huge runed gate.
 58776 | Vaults:3 | Found a huge runed gate.
 58776 | Vaults:3 | Found a huge runed gate.
 58776 | Vaults:3 | Found a huge runed gate.
 58776 | Vaults:3 | Found a huge runed gate.
 58777 | Vaults:3 | Found a huge runed gate.
 58778 | Vaults:3 | Found a huge runed gate.
 58779 | Vaults:3 | Found a huge runed gate.
 58787 | Vaults:3 | Found a huge runed gate.
 58787 | Vaults:3 | Found a huge runed gate.
 58787 | Vaults:3 | Found a huge runed gate.
 58787 | Vaults:3 | Found a huge runed gate.
 58787 | Vaults:3 | Found a huge runed gate.
 58787 | Vaults:3 | Found a huge runed gate.
 58788 | Vaults:3 | Found a huge runed gate.
 58789 | Vaults:3 | Found a huge runed gate.
 58790 | Vaults:3 | Found a huge runed gate.
 58801 | Vaults:3 | Found a huge runed gate.
 58801 | Vaults:3 | Found a huge runed gate.
 58801 | Vaults:3 | Found a huge runed gate.
 58801 | Vaults:3 | Found a huge runed gate.
 58801 | Vaults:3 | Found a huge runed gate.
 58801 | Vaults:3 | Found a huge runed gate.
 58802 | Vaults:3 | Found a huge runed gate.
 58803 | Vaults:3 | Found a huge runed gate.
 58857 | Vaults:3 | Found a huge runed gate.
 59728 | Vaults:3 | Found Qaah's Assorted Antiques.
 59735 | Vaults:3 | Bought a potion of heal wounds for 155 gold pieces
 59804 | Vaults:3 | Found a staircase to the Crypt.
 60157 | Vaults:3 | Received a gift from Okawaru
 60312 | Vaults:3 | Received a gift from Okawaru
 60898 | Vaults:3 | Reached XP level 21. HP: 248/248 MP: 31/31
 62364 | Vaults:3 | Identified the ring "Qysk" {rPois Str+3 Dex+5}
 63292 | Vaults:4 | Received a gift from Okawaru
 63777 | Vaults:3 | Reached skill level 23 in Fighting
 64101 | Vaults:4 | Received a gift from Okawaru
 64597 | Vaults:4 | Found Ferraim's Book Boutique.
 64946 | Vaults:4 | Reached skill level 10 in Air Magic
 65329 | Vaults:4 | Received a gift from Okawaru
 66519 | Vaults:4 | Noticed a golden dragon
 66632 | Vaults:4 | Killed a golden dragon
 66928 | D:15     | Received a gift from Okawaru
 67101 | Depths:1 | Found a gateway to a ziggurat.
 67903 | Depths:1 | Found a gateway to Hell.
 67927 | Depths:1 | Noticed a bone dragon
 67945 | Depths:1 | Killed a bone dragon
 67946 | Depths:1 | Reached XP level 22. HP: 207/260 MP: 23/32
 68435 | Depths:1 | Noticed Louise
 68458 | Depths:1 | Killed Louise
 68673 | Depths:1 | Received a gift from Okawaru
 68710 | Depths:1 | Found a white marble altar of Elyvilon.
 69165 | Depths:1 | Found a runed translucent gate.
 69166 | Depths:1 | Found a runed translucent gate.
 69168 | Depths:1 | Found a runed translucent gate.
 69330 | Depths:1 | Received a gift from Okawaru
 69404 | Depths:1 | Identified the ring of Tender Moments {Fire rElec rN+++
                  | Will-}
 69444 | Depths:1 | Received a gift from Okawaru
 70431 | Depths:1 | Noticed Cadeguk's ghost (adept TeAK)
 70617 | Depths:1 | Reached skill level 24 in Fighting
 71086 | Depths:2 | Received a gift from Okawaru
 71456 | Depths:2 | Reached skill level 15 in Throwing
 71485 | Depths:2 | Identified the ring "Wiguesho" {rPois Will+}
 71486 | Depths:2 | Found a runed translucent door.
 71814 | Depths:2 | Noticed a golden dragon
 71823 | Depths:2 | Identified the ring "Zeekaol" {rF+ Will+ EV+4 Str+4}
 72416 | Depths:2 | Found a runed translucent door.
 72418 | Depths:2 | Noticed a juggernaut
 72424 | Depths:2 | Paralysed by a floating eye for 2 turns
 72426 | Depths:2 | Noticed a golden dragon
 72438 | Depths:2 | Killed a golden dragon
 72441 | Depths:2 | Received a gift from Okawaru
 72462 | Depths:2 | Identified the +0 cloak of the Blacksmith {Will+ Str+2
                  | Slay+2}
 72636 | Depths:3 | Identified the +3 tower shield of Ytixitiz {rF- Regen+
                  | Int+3} (Okawaru gifted it to you on level 3 of the Depths)
 72636 | Depths:3 | Received a gift from Okawaru
 72934 | Depths:3 | Found a one-way gate leading to the halls of Pandemonium.
 73427 | Depths:3 | Reached XP level 23. HP: 239/274 MP: 31/34
 74970 | Depths:3 | Identified the +0 hat of Fotubin {Stlth+} (Okawaru gifted
                  | it to you on level 3 of the Depths)
 74970 | Depths:3 | Received a gift from Okawaru
 75031 | Depths:3 | Noticed a golden dragon
 75043 | Depths:3 | Killed a golden dragon
 75061 | Depths:3 | Reached skill level 25 in Fighting
 75324 | Depths:3 | Noticed a golden dragon
 75339 | Depths:3 | Identified the +4 short sword "Goblinbane" {vorpal, rC-
                  | Int+4 Dex+4}
 75344 | Depths:3 | Killed a golden dragon
 76695 | Depths:4 | Found a portal to a secret trove of treasure.
 76929 | Depths:4 | Reached skill level 10 in Spellcasting
 76936 | Depths:4 | Received a gift from Okawaru
 76948 | Depths:4 | Reached skill level 5 in Translocations
 77052 | Depths:4 | Identified the +1 robe "Nuraimm" {+Inv Str+8 Stlth-}
                  | (Okawaru gifted it to you on level 4 of the Depths)
 77052 | Depths:4 | Received a gift from Okawaru
 77439 | Depths:4 | Reached XP level 24. HP: 262/287 MP: 34/37
 77702 | Depths:5 | Entered Level 5 of the Depths
 78103 | Depths:5 | Noticed the Enchantress
 78184 | Depths:4 | Identified the +0 leather armour "Dotul" {rElec rN+ Str+6}
 78288 | Depths:4 | Killed the Enchantress
 78653 | Depths:5 | Paralysed by a floating eye for 2 turns
 79316 | Depths:5 | Found Ryfeojor's Jewellery Emporium.
 79316 | Depths:5 | Found Lialyl's General Store.
 79604 | Depths:5 | Found a gate to the Realm of Zot.
 79648 | Depths:5 | Received a gift from Okawaru
 79965 | Depths:5 | Found a gateway to a bazaar.
 79970 | Bazaar   | Entered a bazaar
 79986 | Bazaar   | Found Ygeyseok's Assorted Antiques.
 79987 | Bazaar   | Found Issos's Weapon Emporium.
 80010 | Bazaar   | Bought a scroll of enchant armour for 150 gold pieces
 80032 | Bazaar   | Found Toen's Antique Weapon Shoppe.
 80033 | Bazaar   | Found Qeadairo's Antique Weapon Shoppe.
 80525 | Vaults:5 | Entered Level 5 of the Vaults
 80761 | Vaults:4 | Received a gift from Okawaru
 81378 | Vaults:5 | Received a gift from Okawaru
 82154 | Vaults:5 | Identified the +1 robe of the Other World {rN+++ rCorr
                  | Str+4 Dex-5}
 82172 | Vaults:5 | Noticed an ancient lich
 82389 | Vaults:4 | Killed an ancient lich
 82390 | Vaults:4 | Reached XP level 25. HP: 259/285 MP: 37/37
 82701 | Vaults:4 | Received a gift from Okawaru
 82943 | Vaults:5 | Reached skill level 15 in Shields
 83453 | Vaults:5 | Got a silver rune of Zot
 83573 | Vaults:5 | Found the +8 orange crystal plate armour {Archmagi, Int+3
                  | Clar}
 83575 | Vaults:5 | Found the +3 pair of seven-league boots {Rampage+∞}
 83615 | Vaults:5 | Identified the +10 great mace of Oryesosi {drain, rPois
                  | Will+ Str+2}
 83786 | Vaults:5 | Noticed a dread lich
 84501 | Vaults:5 | Received a gift from Okawaru
 84532 | Vaults:5 | Killed a dread lich
 84532 | Vaults:5 | Received a gift from Okawaru
 85156 | Zot:1    | Entered Level 1 of the Realm of Zot
 85325 | Zot:1    | Reached skill level 10 in Armour
 85714 | Zot:1    | Identified the +0 kite shield of Resourcefulness {rPois
                  | Str+4 Int-4 Stlth+} (Okawaru gifted it to you on level 1 of
                  | the Realm of Zot)
 85714 | Zot:1    | Received a gift from Okawaru
 86131 | Zot:1    | Noticed a Killer Klown
 86154 | Zot:1    | Killed a Killer Klown
 86169 | Zot:1    | Noticed a Killer Klown
 86484 | Depths:5 | Killed a Killer Klown
 87326 | Zot:2    | Reached XP level 26. HP: 110/306 MP: 17/37
 88053 | Zot:2    | Reached skill level 5 in Dodging
 90095 | Zot:1    | Received a gift from Okawaru
 90837 | Orc:2    | Bought a scroll of enchant weapon for 75 gold pieces
 91474 | Zot:3    | Received a gift from Okawaru
 92075 | Zot:2    | HP: 14/293 [death cob (16)]
 92076 | Zot:2    | HP: 1/293 [death cob (13)]
 92080 | Zot:2    | Slain by a death cob

Illustrated notes

Levels and vault maps discovered:
D:1:      dpeg_arrival_snail, layout_loops_ring
D:2:      minmay_chambers_of_twos, layout_basic
D:3:      layout_basic, nicolae_dithmenos_the_darkroom, basic_ecumenical_altar
D:4:      layout_gridville, general_overflow_altar, serial_shops,
          nicolae_shop_waterfront, shop, serial_undead, serial_undead_f,
          serial_undead_f, serial_undead_f, serial_undead_d, st_stairs_4,
          serial_bayou_lagoon_a
D:5:      layout_rooms, nicolae_ossuary_entry_plus, kennysheep_another_room
D:6:      layout_rooms, biasface_ghost_orc_armoury, serial_bayou,
          serial_bayou_shore_a, serial_bayou_pond_e, serial_bayou_pond_b,
          serial_bayou_shore_b
D:7:      layout_layer_cave, kennysheep_mini, temple_statues,
          hangedman_misty_isle, uniq_prince_ribbit1
D:8:      layout_gridville, nicolae_wu_jian_wuxing_cycle, erik_lair_dragon
D:9:      layout_gridville, vehumet_crystals, david_defended_altar_orc,
          uniq_psyche, uniq_maggie
D:10:     layout_loops_ring, fedhas_altar_1, enter_bailey_2, uniq_josephine
D:11:     layout_stronghold, orc_0_dummy, serial_shops, shop,
          nicolae_shop_stone, kennysheep_mini_moat, shop, minmay_misc_feat_rows
D:12:     layout_cave_pools, serial_shops,
          nicolae_shop_temple_entry_statues_fountains, nicolae_shop_trees,
          minmay_gold_behind_fungi
D:13:     layout_irregular_city, gauntlet_entry_generic, minmay_radiant,
          uniq_nessos
D:14:     layout_basic, david_vaults_1, serial_shops, shop_statue,
          minmay_door_square
D:15:     grunt_enter_depths_hoard, layout_gridville, tso_altar,
          lemuel_old_faithful
Temple:   lightli_temple_of_artemis
Lair:1:   layout_concentric_octagons, grunt_megastairs_3
Lair:2:   layout_cave_pods, minmay_lair_oklob_items,
          infiniplex_staircase_pool_2, lemuel_fruit_fields
Lair:3:   layout_gridlike, minmay_shoals_entry_centaurs, kennysheep_rathole,
          infiniplex_staircase_pool, lemuel_fruit_tree, lemuel_fruit_fields
Lair:4:   layout_regular_city, spider_nest_entry_funnel_web,
          serial_bayou_pond_e, beast_lair_carwin_1
Lair:5:   layout_gridlike, slime_altar_1, wad_woods_river_01, uniq_kirke
Lair:6:   gammafunk_lair_ancient_temple, layout_regular_city, uniq_urug
Shoals:1: layout_shoals, ebering_ghost_davey_jones, lightli_airlock
Shoals:2: layout_shoals, portal_ice_cave_entry_ice_statue_two, uniq_polyphemus
Shoals:3: layout_shoals, nicolae_shoals_square_sea_wall
Shoals:4: shoals_end_simple, layout_shoals
Spider:1: layout_spider_delve, nicolae_spider_some_kinda_spiderbox
Spider:2: nicolae_spider_mines_1, einodemon_crawler_minivault
Spider:3: layout_spider_delve, uniq_arachne
Spider:4: johnstein_spider_rune_arachne_lair
Orc:1:    orc_temple, layout_diamond_mine, gammafunk_ghost_abyssal_escape
Orc:2:    st_orc_ogre_mass, layout_diamond_mine, serial_shops,
          nicolae_shop_stone, uniq_maurice
Vaults:1: nicolae_vaults_network_star, v_alt_pattern_3, ontoclasm_vaults_fault,
          nicolae_vaults_little_squares_2, ontoclasm_vaults_misaligned,
          nicolae_vaults_circle_grid_b, nicolae_vaults_angled_halls,
          ontoclasm_vaults_decontamination, hangedman_vaults_impose,
          nicolae_vaults_rhombus_7, layout_vaults_omnigrid, serial_shops, shop
Vaults:2: gammafunk_vaults_ghost_fury_of_okawaru, hangedman_vaults_stitches,
          ontoclasm_vaults_hangar, nicolae_vaults_angled_halls,
          hangedman_vaults_river_flow, ontoclasm_vaults_shuriken, v_pattern_2,
          nicolae_vaults_border_crossing, layout_vaults_big_room, uniq_donald
Vaults:3: v_misc_29, nicolae_vaults_network_quincunx
          [nicolae_vaults_network_quincunx_subvault,
          nicolae_vaults_network_quincunx_subvault,
          nicolae_vaults_network_quincunx_subvault,
          nicolae_vaults_network_quincunx_subvault,
          nicolae_vaults_network_quincunx_subvault], hangedman_vaults_snaps,
          vaults_room_door_ring, v_misc_22, vaults_not_door_vault_due,
          minmay_crypt_entry_nasty_monster, vaults_mumra_chevron_long, v_misc_4,
          vaults_standard_mumra_x, nicolae_vaults_network_quinsquares
          [nicolae_vaults_network_quincunx_subvault,
          nicolae_vaults_network_quincunx_subvault,
          nicolae_vaults_network_quincunx_subvault,
          nicolae_vaults_network_quincunx_subvault],
          ontoclasm_vaults_ring_small, nicolae_vaults_diagonal_hallway_7,
          layout_vaults_maze, serial_shops, shop
Vaults:4: v_misc_22, vaults_mumra_minichess_inversion, v_alt_pattern_4,
          grunt_vaults_hallway_long, nicolae_vaults_inception_statues,
          nicolae_vaults_triangles, vaults_room_semicircle, v_misc_11, v_misc_5,
          nicolae_vaults_little_squares_2, hangedman_vaults_slice, v_misc_9,
          layout_vaults_omnibox, serial_shops, shop
Vaults:5: serial_shops
Depths:1: layout_gridlike, enter_ziggurat_f,
          nicolae_abyss_entry_one_way_or_another, elyvilon_altar_3,
          gammafunk_ghost_icy, grunt_mini_vestibule, minivault_11,
          hangedman_abyss_or_decor_passed, minmay_three_doors
Depths:2: minmay_expanding_circles, layout_cave_pools, hell_entry,
          chequers_serial_rivers_micro_c, onia_ninara_dug_in_and_dangerous,
          infiniplex_staircase_split_hallway
Depths:3: grunt_runaround [grunt_runaround_doors_1, grunt_runaround_doors_2,
          grunt_runaround_doors_3, grunt_runaround_doors_4,
          grunt_runaround_loot], pan_entry, serial_shops, hell_entry
Depths:4: kennysheep_ogre_elephant_herders, layout_cave_shapes,
          roderic_serpentine_path, enter_trove_3, hangedman_abyss_entry_splay,
          hell_entry, uniq_margery
Depths:5: grunt_zot_entry_funnels, layout_small_grid, hellmouth_1, serial_shops,
          bzr_entry_gold, grunt_megastairs_5, minmay_shoptagon, uniq_enchantress
Zot:1:    grunt_zot_stairs_faceoff, layout_misc_corridors
Zot:2:    layout_gridlike, bh_zot_lava_cross, grunt_ministairs_15,
          lemuel_baited_zot_trap
Zot:3:    layout_misc_corridors, amethyst_zot_foddershock

Skill      XL: |  1  2  3  4  5  6  7  8  9 10 11 12 13 14 15 16 17 18 19 20 21 22 23 24 25 26 |
---------------+-------------------------------------------------------------------------------+-----
Fighting       | 3 4 5 6 7 9 10 12 15 16 20 22 23 24 25 | 25.6
Throwing       | 5 7 10 12 14 15 16 20 | 20.9
Axes           | 3 6 7 10 12 14 16 17 18 20 | 20.9
Shields        | 3 5 6 9 10 11 12 14 15 | 15.0
Armour         | 2 5 6 7 10 11 | 11.9
Invocations    | 8 |  8.0
Translocations | 4 5 6 7 |  7.3
Summonings     | 3 |  3.0
Air Magic      | 3 6 8 11 12 | 12.0
Spellcasting   | 2 3 7 10 | 10.0
Dodging        | 4 7 |  7.5
Stealth        | |  0.6

Action                   |  1- 3 |  4- 6 |  7- 9 | 10-12 | 13-15 | 16-18 | 19-21 | 22-24 | 25-27 || total
-------------------------+-------+-------+-------+-------+-------+-------+-------+-------+-------++-------
Melee: Short sword       |    57 |       |       |       |       |       |       |       |       ||    57
       Mace              |    41 |    75 |       |       |       |       |       |       |       ||   116
       Flail             |       |    18 |       |       |       |       |       |       |       ||    18
       Broad axe         |       |    16 |   269 |   402 |   972 |  1551 |  1606 |  1389 |   773 ||  6978
       Executioner's axe |       |       |       |       |       |       |    60 |       |       ||    60
Throw: Stone             |    96 |    36 |     2 |     2 |       |       |       |       |       ||   136
       Large rock        |       |     3 |     5 |    15 |    65 |   116 |     8 |    24 |    29 ||   265
       Boomerang         |       |       |       |       |     1 |     1 |       |       |       ||     2
       Dart              |       |       |       |       |       |       |     2 |       |       ||     2
Invok: Heroism           |       |       |       |     1 |     7 |    10 |    18 |    21 |    10 ||    67
       Finesse           |       |       |       |       |     1 |     1 |     1 |     3 |     2 ||     8
Evoke: Wand              |       |       |     7 |     5 |       |     3 |     3 |       |     3 ||    21
       Condenser vane    |       |       |       |       |     1 |     2 |     3 |     3 |       ||     9
  Use: Scroll            |       |     8 |     6 |    10 |    13 |     4 |     9 |    10 |     8 ||    68
       Potion            |       |       |       |     4 |     5 |     8 |     8 |     6 |     9 ||    40
 Stab: Sleeping          |       |     2 |     2 |       |       |       |       |       |       ||     4
       Confused          |       |       |       |       |     1 |       |       |       |       ||     1
       Distracted        |       |       |       |       |       |     1 |       |       |       ||     1
       Held in net/web   |       |       |       |       |       |     1 |       |       |       ||     1
       Invisible         |       |       |       |       |       |       |     6 |       |       ||     6
Armor: Robe              |    52 |    23 |    68 |       |       |       |       |       |       ||   143
       Steam dragon scal |       |       |    30 |    15 |       |       |       |       |       ||    45
       Swamp dragon scal |       |       |       |   102 |   252 |   625 |   414 |    52 |       ||  1445
       Gold dragon scale |       |       |       |       |       |       |       |   329 |   305 ||   634
Dodge: Dodged            |    79 |    90 |   190 |   150 |   323 |   570 |   426 |   306 |   247 ||  2381
Block: Kite shield       |       |       |    33 |   206 |   346 |       |       |       |       ||   585
       Tower shield      |       |       |       |       |   311 |  1771 |  1348 |  1183 |   741 ||  5354

Table legend: (Time is in decaauts)
 A = Elapsed time spent in this place.
 B = Non-inter-level travel time spent in this place.
 C = Inter-level travel time spent in this place.
 D = Time resting spent in this place.
 E = Time spent auto-exploring this place.
 F = Levels seen in this place.
 G = Mean time per level.
                   A        B        C        D        E       F      G
               +--------+--------+--------+--------+--------+-----+--------+
         Total |  91523 |  86583 |   4940 |  34359 |  34454 |  47 | 1947.3 |
       Dungeon |  21209 |  19104 |   2105 |   3721 |  11732 |  15 | 1413.9 |
        Temple |    118 |    111 |      7 |      0 |      4 |   1 |  118.0 |
          Lair |  11306 |  10697 |    609 |   2598 |   6582 |   6 | 1884.3 |
        Shoals |   8855 |   8614 |    241 |   3718 |   2620 |   4 | 2213.8 |
   Spider Nest |   8320 |   7927 |    393 |   3087 |   3307 |   4 | 2080.0 |
  Orcish Mines |   2622 |   2500 |    122 |   1087 |    757 |   2 | 1311.0 |
        Vaults |  19224 |  18727 |    497 |  10648 |   4513 |   5 | 3844.8 |
        Depths |  14058 |  13248 |    810 |   6597 |   3615 |   5 | 2811.6 |
           Zot |   5282 |   5130 |    152 |   2619 |   1233 |   3 | 1760.7 |
        Bazaar |     99 |     99 |      0 |      0 |     85 |   1 |   99.0 |
       Ossuary |    423 |    423 |      0 |    281 |      4 |   1 |  423.0 |
               +--------+--------+--------+--------+--------+-----+--------+

Top non-repeatable levels by time:
Vaults:4: 5310 daAuts
Vaults:2: 4710 daAuts
Vaults:3: 3980 daAuts
Depths:1: 3796 daAuts
Depths:3: 3492 daAuts
Vaults:1: 3401 daAuts
Spider:2: 3043 daAuts
Spider:4: 2765 daAuts
   Zot:1: 2725 daAuts
Depths:5: 2555 daAuts
Shoals:1: 2536 daAuts
Shoals:4: 2480 daAuts
Depths:4: 2373 daAuts
   Zot:2: 2215 daAuts
Shoals:2: 2208 daAuts
